 Dungeon Crawl Stone Soup version 0.31-a0-620-gd1cbd99268 (webtiles) character file.

Game seed: 15484858339283175942

97 Dittersdorf the Shield-Bearer (level 4, -6/29 HPs)
             Began as a Gargoyle Fighter on Aug 23, 2023.
             Killed from afar by an orc wizard (9 damage)
             ... with a puff of flame
             ... on level 2 of the Dungeon.
             The game lasted 00:01:53 (1475 turns).

Dittersdorf the Shield-Bearer (Gargoyle Fighter)    Turns: 1475, Time: 00:01:54

Health: -6/29      AC: 14    Str: 22    XL:     4   Next: 68%
Magic:  4/4        EV:  9    Int:  8    God:
Gold:   107        SH:  4    Dex:  9    Spells: 3/3 levels left

rFire   . . .        a - +0 flail
rCold   . . .        c - +0 buckler
rNeg    + . .        b - +0 scale mail
rPois   ∞            (no helmet)
rElec   +            (no cloak)
rCorr   .            g - +1 pair of gloves
SInv    .            j - +0 pair of boots
Will    .....        (no amulet) Stlth
                     (no ring)
HPRegen 0.24/turn    (no ring)
MPRegen 0.09/turn

%: no passive effects
@: no status effects
A: sickness immunity, AC +3, negative energy resistance 1, electricity
resistance, torment resistance 1, petrification resistance
a: no special abilities


You were on level 2 of the Dungeon.
You visited 1 branch of the dungeon, and saw 3 of its levels.

You collected 107 gold pieces.

Inventory:

Hand Weapons
 a - a +0 flail (weapon)
Armour
 b - a +0 scale mail (worn)
 c - a +0 buckler (worn)
 g - a +1 pair of gloves (worn)
 j - a +0 pair of boots (worn)
Wands
 l - a wand of roots (10)
Scrolls
 h - 4 scrolls of identify {unknown}
 i - a scroll of torment {unknown}
Potions
 d - a potion of might
 e - a potion of enlightenment {unknown}
 f - a potion of attraction {unknown}
 k - a potion of curing {unknown}


   Skills:
 + Level 4.0 Fighting
 + Level 2.9 Maces & Flails
 + Level 4.0 Armour
 + Level 4.0 Shields


You had 3 spell levels left.
You didn't know any spells.
Your spell library contained the following spells:

 Spells                   Type           Power      Damage    Failure   Level
 Ensorcelled Hibernation  Hex/Ice        0%         N/A       90%         2
 Passwall                 Tmut/Erth      0%         N/A       90%         2
 Swiftness                Air            0%         N/A       99%         3


Dungeon Overview and Level Annotations

Branches:
Dungeon (3/15)

Altars:


Innate Abilities, Weirdness & Mutations

You are immune to sickness and miasma.
Your stone body is resilient. (AC +3)
You are immune to poison.
You resist negative energy. (rN+)
You are resistant to electric shocks. (rElec)
You are resistant to unholy torment.
You are immune to petrification.


Message History

The orc wizard flickers and vanishes!
Deactivating autopickup; reactivate with Ctrl-A.
You block the orc priest's attack.
You climb upwards.
Reactivating autopickup.
There is a stone staircase leading down here.
You hit the orc priest.
The orc priest is moderately wounded.
Something hits you but does no damage.
Deactivating autopickup; reactivate with Ctrl-A.
The orc priest calls down the wrath of Beogh upon you.
Beogh smites you!
You hit the orc priest.
The orc priest is severely wounded.
Something hits you. The orc priest barely misses you.
Something hits you but does no damage. You block the orc priest's attack.
You barely miss the orc priest.
The orc priest is severely wounded.
Something hits you.
The orc priest hits you with a +0 trident.
You barely miss the orc priest.
The orc priest is severely wounded.
Something hits you but does no damage. The orc priest closely misses you.
You hit the orc priest.
The orc priest is almost dead.
Something hits you.
* * * LOW HITPOINT WARNING * * *
The orc priest barely misses you.
You hit the orc priest.
You kill the orc priest!
Something hits you but does no damage. Something hits you.
* * * LOW HITPOINT WARNING * * *
Your Fighting skill increases to level 4!
Your Armour skill increases to level 4!
Your Shields skill increases to level 4!
You miss something.
You hear some strange, mumbled words.
A puff of flame appears from out of thin air!
The puff of flame hits you!
You die...

########## #.........
#......^..
#######.........
######...............
#....................
#.............#######
#.............#######
#..)@.............†..
#..).{....[...#######
#.............#
#.............#
#.............#
#.....#.###..#######
#.....#.####.##....#
#######.#..........#
#.#.##..#....#


There were no monsters in sight!

Vanquished Creatures
  An orc priest (D:2)
  2 adders (D:2)
  A worm (D:2)
  A dart slug (D:2)
  An orc (D:2)
  3 endoplasms
  5 giant cockroaches
  2 goblins (D:1)
  4 hobgoblins
  3 jackals (D:2)
  5 kobolds
  4 ball pythons
  5 bats
  2 frilled lizards (D:2)
  5 rats
44 creatures vanquished.

Notes
Turn   | Place    | Note
-------+----------+-------------------------------------------
     0 | D:1      | Dittersdorf the Gargoyle Fighter began the quest for the
                  | Orb.
     0 | D:1      | Reached XP level 1. HP: 14/14 MP: 1/1
   280 | D:1      | Reached XP level 2. HP: 18/19 MP: 2/2
   816 | D:2      | Reached XP level 3. HP: 23/23 MP: 3/3
  1239 | D:2      | Reached XP level 4. HP: 27/29 MP: 4/4
  1475 | D:2      | Killed from afar by an orc wizard

Illustrated notes

Levels and vault maps discovered:
D:1:      lemuel_arrival_behind_the_door_large, layout_loops_cross,
          chequers_arboretum, grunt_decor_junction
D:2:      layout_basic
D:3:      layout_basic, serial_shops, nicolae_shop_tiny_glass,
          dilly_guarded_unrand_morg

Skill      XL: |  1  2  3  4 |
---------------+-------------+-----
Fighting       | 4 |  4.0
Armour         | 4 |  4.0
Shields        | 4 |  4.0
Maces & Flails | |  2.9

Action                     |  1- 3 |  4- 6 || total
---------------------------+-------+-------++-------
  Melee: Flail             |   141 |    13 ||   154
 Armour: Scale mail        |   123 |     9 ||   132
  Dodge: Dodged            |   102 |     3 ||   105
  Block: Buckler           |    43 |     4 ||    47

Table legend: (Time is in decaauts)
 A = Elapsed time spent in this place.
 B = Non-inter-level travel time spent in this place.
 C = Inter-level travel time spent in this place.
 D = Time resting spent in this place.
 E = Time spent auto-exploring this place.
 F = Levels seen in this place.
 G = Mean time per level.
                   A        B        C        D        E       F      G
               +--------+--------+--------+--------+--------+-----+--------+
         Total |   1522 |   1465 |     57 |    102 |   1011 |   3 |  507.3 |
       Dungeon |   1522 |   1465 |     57 |    102 |   1011 |   3 |  507.3 |
               +--------+--------+--------+--------+--------+-----+--------+

Top non-repeatable levels by time:
     D:1: 816 daAuts
     D:2: 682 daAuts
     D:3: 24 daAuts
